 Dungeon Crawl Stone Soup version 0.23.2 (webtiles) character file.

Game seed: 9305298717842482201

67 AngleWyrm the Ducker (level 4, -8/30 HPs)
             Began as a Merfolk Fire Elementalist on Apr 20, 2019.
             Mangled by a gnoll
             ... wielding a +1 flail of holy wrath
              (15 damage)
             ... on level 1 of the Dungeon.
             The game lasted 00:17:57 (2318 turns).

AngleWyrm the Ducker (Merfolk Fire Elementalist)    Turns: 2318, Time: 00:17:57

Health: -8/30      AC:  2    Str:  9    XL:     4   Next: 16%
Magic:  2/7        EV: 13    Int: 14    God:
Gold:   45         SH:  0    Dex: 14    Spells: 5/8 levels left

rFire    . . .     SeeInvis .   h - +0 dagger (curse)
rCold    . . .     Gourm    .   (no shield)
rNeg     . . .     Faith    .   a - +0 robe
rPois    .         Spirit   .   (no helmet)
rElec    .         Reflect  .   (no cloak)
rCorr    .         Harm     .   (no gloves)
MR       .....                  (no boots)
Stlth    ++........             (no amulet)
HPRegen  0.10/turn              (no ring)
MPRegen  0.10/turn              (no ring)

@: very slightly contaminated
A: change form in water, swift swim, stealthy swim
a: no special abilities


You were on level 1 of the Dungeon.
You were not hungry.

You visited 1 branch of the dungeon, and saw 2 of its levels.

You collected 45 gold pieces.

Inventory:

Hand Weapons
 d - a +0 dagger
 h - a cursed +0 dagger (weapon)
 i - a +0 short sword
Armour
 a - a +0 robe (worn)
Scrolls
 f - a scroll of fear {unknown}
Potions
 b - a potion of resistance
 e - a potion of degeneration {unknown}
 g - a potion of magic {unknown}
Comestibles
 c - 2 rations


   Skills:
 + Level 0.2 Fighting
 * Level 0.7 Short Blades
 * Level 3.2 Dodging
 + Level 2.4 Stealth
 + Level 2.6 Spellcasting
 + Level 1.2 Conjurations
 + Level 2.8 Fire Magic


You had 5 spell levels left.
You knew the following spells:

 Your Spells              Type           Power        Failure   Level  Hunger
a - Flame Tongue          Conj/Fire      #....        10%         1    #......
b - Throw Flame           Conj/Fire      #.....       14%         2    ###....

Your spell library contained the following spells:

 Spells                   Type           Power        Failure   Level  Hunger
 Conjure Flame            Conj/Fire      #.......     28%         3    ###....
 Inner Flame              Hex/Fire       #.......     36%         3    ###....
 Sticky Flame             Conj/Fire      #.......     67%         4    #####..
 Fireball                 Conj/Fire      #.........   95%         5    ######.


Dungeon Overview and Level Annotations

Branches:
Dungeon (2/15)

Altars:


Message History

The gnoll barely misses you. The kobold closely misses you.
You closely miss the gnoll.
The gnoll is heavily wounded.
The gnoll closely misses you. The kobold misses you.
You hit the gnoll.
The gnoll is severely wounded.
The kobold misses you.
You barely miss the gnoll.
The gnoll is severely wounded.
The gnoll hits you with a +1 flail of holy wrath!
The kobold hits you.
* * * LOW HITPOINT WARNING * * *
You completely miss the gnoll.
The gnoll is severely wounded.
The gnoll misses you. The kobold barely misses you.
You closely miss the gnoll.
The gnoll is severely wounded.
The gnoll hits you with a +1 flail of holy wrath!
Ouch! That really hurt!
You die...

..........#......##
.##########..##...#
.##########...#...#
)##.........#.#...#
.##.........#.....#
.##.........##....#
.##.........##....#
.##.........###K.g#
.##########.....@.#
.# ######### .# .#
.# .# .# .# .#


You could see a gnoll and a kobold.

Vanquished Creatures
  A gnoll (D:2)
  3 adders (D:2)
  A worm (D:2)
  3 dart slugs (D:1)
  2 giant cockroaches
  5 goblins (D:1)
  A hobgoblin (D:2)
  2 kobolds
  2 bats
  4 frilled lizards (D:1)
  A rat (D:1)
25 creatures vanquished.

Notes
Turn   | Place    | Note
-------+----------+-------------------------------------------
     0 | D:1      | AngleWyrm the Merfolk Fire Elementalist began the quest for
                  | the Orb.
     0 | D:1      | Reached XP level 1. HP: 13/13 MP: 3/3
   253 | D:1      | Reached XP level 2. HP: 19/19 MP: 3/5
   257 | D:1      | Learned a level 2 spell: Throw Flame
  1171 | D:2      | Reached skill level 3 in Dodging
  1171 | D:2      | Reached XP level 3. HP: 4/24 MP: 1/6
  1426 | D:2      | Reached skill level 1 in Conjurations
  1841 | D:2      | Reached XP level 4. HP: 14/30 MP: 1/7
  2318 | D:1      | Mangled by a gnoll

Skill      XL: |  1  2  3 |
---------------+----------+-----
Dodging        | 3 |  3.2
Conjurations   | 1 |  1.2
Fighting       | |  0.2
Short Blades   | |  0.7
Stealth        | |  2.4
Spellcasting   | |  2.6
Fire Magic     | |  2.8

Action                   |  1- 3 |  4- 6 || total
-------------------------+-------+-------++-------
Melee: Dagger            |    87 |     9 ||    96
 Cast: Flame Tongue      |    14 |     2 ||    16
       Throw Flame       |    19 |     4 ||    23
  Use: Scroll            |     1 |       ||     1
  Eat: Ration            |     1 |     1 ||     2
       Chunk             |     1 |       ||     1
Armor: Robe              |    18 |       ||    18
Dodge: Dodged            |    58 |    18 ||    76
